 Dungeon Crawl Stone Soup version 0.30-a0-242-g7bf8e6d787 (webtiles) character file.

Game seed: 15550971720421712243

501 Sobieck the Trooper (level 7, 0/74 HPs)
             Began as an Ogre Gladiator on Oct 11, 2022.
             Slain by an orc wizard
             ... wielding a +0 dagger
              (2 damage)
             ... on level 3 of the Dungeon.
             The game lasted 00:07:20 (3984 turns).

Sobieck the Trooper (Ogre Gladiator)                Turns: 3984, Time: 00:07:20

Health: 0/74       AC:  3    Str: 21    XL:     7   Next: 17%
Magic:  0/7        EV: 10    Int:  9    God:
Gold:   243        SH:  0    Dex: 10    Spells: 6/6 levels left

rFire   + + .      SeeInvis .    a - +2 whip (vamp) {mace}
rCold   + . .      Faith    .    (no shield)
rNeg    . . .      Spirit   +    b - +0 robe
rPois   +          Reflect  .    c - +0 hat
rElec   +          Harm     .    (no cloak)
rCorr   +          Rampage  .    (gloves unavailable)
Will    .....                    (boots unavailable)
Stlth   +.........               p - amulet of guardian spirit
HPRegen 0.32/turn                v - ring of protection from fire
MPRegen 0.10/turn                (no ring)

@: resistant, flying
A: large, unfitting armour, tough skin 1
a: no special abilities


You were on level 3 of the Dungeon.
You visited 1 branch of the dungeon, and saw 4 of its levels.

You collected 243 gold pieces.


Innate Abilities, Weirdness & Mutations

You are too large for most types of armour.
You have tough skin. (AC +1)


   Skills:
 + Level 5.9 Fighting
 - Level 5.0 Maces & Flails
 + Level 4.4 Throwing
 - Level 2.6 Dodging


You had 6 spell levels left.
You didn't know any spells.
Your spell library contained the following spells:

 Spells                   Type           Power      Damage    Failure   Level
 Apportation              Tloc           0%         N/A       38%         1
 Sandblast                Erth           0%         2d4       38%         1
 Passwall                 Tmut/Erth      0%         N/A       52%         2
 Stone Arrow              Conj/Erth      0%         3d7       77%         3
 Alistair's Intoxication  Tmut/Pois      0%         N/A       100%        5

Inventory:

Hand Weapons
 a - a +2 vampiric whip (weapon) {mace}
   (You took it off a kobold on level 1 of the Dungeon)
 g - a +0 flail {mace}
Missiles
 d - 2 throwing nets {=f!fthrowing}
 e - a large rock {=fthrowing}
Armour
 b - a +0 robe (worn)
 c - a +0 hat (worn)
 i - a +0 robe
   (You found it on level 1 of the Dungeon)
 o - a +0 robe
   (You found it on level 2 of the Dungeon)
 w - a +0 robe
   (You found it on level 3 of the Dungeon)
Jewellery
 p - an amulet of guardian spirit (around neck)
   (You found it on level 2 of the Dungeon)
 v - a ring of protection from fire (left hand)
   (You found it on level 3 of the Dungeon)
Scrolls
 h - 2 scrolls of enchant armour {unknown}
 j - a scroll of blinking {unknown}
 k - a scroll of identify {unknown}
 l - 2 scrolls of teleportation {unknown}
 m - a scroll of fog {unknown}
 r - 2 scrolls of magic mapping {unknown}
 u - 3 scrolls of enchant weapon {unknown}
Potions
 s - a potion of brilliance {unknown}

Dungeon Overview and Level Annotations

Branches:
Dungeon (4/15) Zot: 20045
 Temple: D:4-7

Altars:
Dithmenos

Annotations:
D:4 Robin

######...............#
#.................>..#
#.######.........[..>.
#.#..PP#..........)..#
#.#.####.............#
#.#.# #.............#
#.#.# #.............#
#.######.....#.......#
#..){@.#..####.#######
######...#####.#PP.P#
###....##.#.####
####.##.#.# #..#.#.#
##.#.### #...# #####


There were no monsters in sight!


Message History

You hit the orc priest but do no damage.
The orc priest hits you with a +0 dagger.
* * * LOW HITPOINT WARNING * * *
Something hits you.
* * * LOW HITPOINT WARNING * * *
The orc completely misses you.
Unknown command.
You hit the orc priest.
You feel better.
You hear some strange, mumbled words.
A magic dart appears from out of thin air!
The magic dart hits you!
* * * LOW HITPOINT WARNING * * *
The orc hits you with a +0 dagger.
* * * LOW HITPOINT WARNING * * *
The orc priest looks braver for a moment.
Danger!
You hit the orc priest but do no damage.
Something hits you but does no damage.
The orc priest hits you but does no damage.
The orc hits you with a +0 dagger.
* * * LOW HITPOINT WARNING * * *
Unknown command.
You hit the orc priest.
You kill the orc priest!
Something hits you.
* * * LOW HITPOINT WARNING * * *
The orc barely misses you.
Unknown command.
You barely miss something.
You hear some strange, mumbled words.
You are confused.
The orc hits you with a +0 dagger.
* * * LOW HITPOINT WARNING * * *
It was a potion of heal wounds.
You feel much better. Something hits you.
* * * LOW HITPOINT WARNING * * *
The orc barely misses you.
Unknown command.
Okay, then.
Unknown command.
You bump into the crystal wall.
The orc hits you with a +0 dagger.
* * * LOW HITPOINT WARNING * * *
Something hits you.
* * * LOW HITPOINT WARNING * * *
Unknown command.
Something hits you.
* * * LOW HITPOINT WARNING * * *
Unknown command.
Unknown command.
You closely miss the orc.
You hear some strange, mumbled words.
A magic dart appears from out of thin air!
The magic dart hits you!
* * * LOW HITPOINT WARNING * * *
The orc closely misses you.
You closely miss the orc.
Unknown command.
You bump into the crystal wall.
You feel less confused. Something hits you.
* * * LOW HITPOINT WARNING * * *
The orc barely misses you.
Unknown command.
You hit the orc.
You feel better. Something hits you.
* * * LOW HITPOINT WARNING * * *
The orc hits you with a +0 dagger.
* * * LOW HITPOINT WARNING * * *
Unknown command.
You barely miss the orc. Something hits you.
The orc hits you but does no damage.
Unknown command.
You hit the orc.
You feel better.
You kill the orc!
Something hits you but does no damage.
Unknown command.
You hear some strange, mumbled words.
A magic dart appears from out of thin air!
The magic dart hits you!
* * * LOW HITPOINT WARNING * * *
There is an escape hatch in the ceiling here.
Danger!
You hear some strange, mumbled words.
Something tries to affect you, but you resist.
A mysterious force pulls you upwards. The hatch slams shut behind you.
Reactivating autopickup.
Unknown command.
Unknown command.
Unknown command.
Items here: ))) รทรท.
Danger!
Unknown command.
It was a potion of resistance.
You feel protected. Something hits you.
* * * LOW HITPOINT WARNING * * *
Deactivating autopickup; reactivate with Ctrl-A.
Unknown command.
It was a potion of flight.
You feel very buoyant.
You fly up into the air.
Something hits you.
You die...

Skill      XL: |  1  2  3  4  5  6 |
---------------+-------------------+-----
Maces & Flails | 3 4 5 |  5.0
Fighting       | 4 5 |  5.9
Throwing       | 3 4 |  4.4
Dodging        | |  2.6

Action                   |  1- 3 |  4- 6 |  7- 9 || total
-------------------------+-------+-------+-------++-------
Melee: Flail             |    28 |       |       ||    28
       Punch             |     3 |     1 |       ||     4
       Whip              |    95 |   208 |    26 ||   329
Throw: Stone             |    20 |    19 |       ||    39
       Large rock        |       |     3 |       ||     3
       Dart              |       |    12 |     3 ||    15
       Throwing net      |       |     3 |       ||     3
  Use: Potion            |       |       |     3 ||     3
 Stab: Sleeping          |     1 |       |       ||     1
Armor: Robe              |    22 |    45 |     8 ||    75
Dodge: Dodged            |    51 |   130 |     8 ||   189

Levels and vault maps discovered:
D:1:      spicycebolla_green_bress_n_ham, layout_basic,
          ebering_ecumenical_altar_sacrificial, minmay_misc_feat_alley
D:2:      layout_loops_ring, minmay_misc_feat_ornament
D:3:      layout_rooms, grunt_dithmenos_smoke_and_mirrors, serial_aquarium,
          aquarium_bridge_long_separate [aquarium_subvault_wall,
          aquarium_subvault_balcony, aquarium_subvault_bridge,
          aquarium_subvault_bridge, aquarium_subvault_wall,
          aquarium_subvault_bridge], aquarium_bridge_island_small
          [aquarium_subvault_small_open, aquarium_subvault_bridge,
          aquarium_subvault_wall, aquarium_subvault_window,
          aquarium_subvault_bridge], aquarium_window_1, aquarium_window_corner,
          aquarium_window_2, aquarium_window_corner, aquarium_view_2f,
          aquarium_pool_four, st_stairs_12, kennysheep_generic_room_14
D:4:      old_forge, layout_basic, makhleb_altar_promises_db,
          grunt_temple_overflow_cloverleaf, gup_sewer_entry_bowl,
          nrook_loot_triangle, kennysheep_cross_room, uniq_robin

Notes
Turn   | Place    | Note
-------+----------+-------------------------------------------
     0 | D:1      | Sobieck the Ogre Gladiator began the quest for the Orb.
     0 | D:1      | Reached XP level 1. HP: 22/22 MP: 1/1
    69 | D:1      | Reached skill level 3 in Maces & Flails
    73 | D:1      | Found a faded altar of an unknown god.
   143 | D:1      | Reached XP level 2. HP: 25/29 MP: 2/2
   533 | D:1      | Reached XP level 3. HP: 36/36 MP: 3/3
   815 | D:2      | You pick up a book of Geomancy and begin reading...
   815 | D:2      | You add the spells Sandblast, Passwall and Stone Arrow to
                  | your library.
   892 | D:2      | Reached skill level 4 in Maces & Flails
  1440 | D:2      | Identified the +3 ring mail "Xuhom" {rCorr Dex+5}
  1450 | D:2      | You pick up a book of Party Tricks and begin reading...
  1450 | D:2      | You add the spells Apportation and Alistair's Intoxication
                  | to your library.
  1590 | D:2      | Reached XP level 4. HP: 44/44 MP: 4/4
  2260 | D:3      | Found a shadowy altar of Dithmenos.
  2451 | D:3      | Reached skill level 5 in Maces & Flails
  2451 | D:3      | Reached XP level 5. HP: 45/52 MP: 3/5
  2462 | D:3      | Reached skill level 3 in Fighting
  2464 | D:3      | HP: 12/53 [gnoll/+0 halberd (7)]
  2969 | D:4      | Noticed a black bear
  2986 | D:3      | Killed a black bear
  2987 | D:3      | Reached skill level 4 in Fighting
  2987 | D:3      | Reached skill level 3 in Throwing
  2987 | D:3      | Reached XP level 6. HP: 25/62 MP: 2/6
  3540 | D:3      | Reached skill level 5 in Fighting
  3611 | D:4      | Reached skill level 4 in Throwing
  3619 | D:4      | Noticed Robin
  3836 | D:4      | Reached XP level 7. HP: 70/72 MP: 4/7
  3961 | D:4      | HP: 18/74 [orc priest/+0 dagger (1)]
  3965 | D:4      | HP: 7/74 [something/magic dart (9)]
  3968 | D:4      | HP: 3/74 [orc/+0 dagger (1)]
  3974 | D:4      | HP: 10/74 [something (1)]
  3979 | D:4      | HP: 3/74 [something/magic dart (8)]
  3984 | D:3      | Slain by an orc wizard

Vanquished Creatures
  A black bear (D:3)
  3 hounds
  2 orc priests (D:4)
  2 jellies
  An iguana (D:4)
  3 gnolls (D:3)
  4 adders
  A river rat (D:4)
  5 worms
  A dart slug (D:1)
  8 orcs
  7 endoplasms
  3 giant cockroaches
  10 goblins
  4 hobgoblins
  3 jackals (D:3)
  5 quokkas
  A ball python (D:1)
  3 bats
  3 frilled lizards
  10 kobolds
  7 rats
87 creatures vanquished.

Table legend:
 A = Non-vault XP
 B = Vault XP
 C = Vault XP percentage of total XP
 D = Non-vault monster count
 E = Vault monster count
 F = Vault count percentage of total count
                 A         B        C        D         E       F
            +---------+---------+-------+---------+---------+-------
      Total |     687 |      29 |   4.1 |      77 |      10 |  11.5
            +---------+---------+-------+---------+---------+-------
        D:1 |      38 |       0 |   0.0 |      22 |       0 |   0.0
        D:2 |      49 |       0 |   0.0 |      14 |       0 |   0.0
        D:3 |     325 |      12 |   3.6 |      28 |       7 |  20.0
        D:4 |     275 |      17 |   5.8 |      13 |       3 |  18.8
            +---------+---------+-------+---------+---------+-------

Illustrated notes

Table legend:
 A = Kills in this place as a percentage of kills in entire the game.
 B = Kills by you in this place as a percentage of kills by you in the entire game.
 C = Kills by friends in this place as a percentage of kills by friends in the entire game.
 D = Other kills in this place as a percentage of other kills in the entire game.
 E = Experience gained in this place as a percentage of experience gained in the entire game.
 F = Experience gained in this place divided by the number of levels of this place that you have seen.
                   A       B       C       D       E      F
               +-------+-------+-------+-------+-------+----------------------
         Total | 100.0 | 100.0 |   N/A |   N/A | 100.0 | 179.0
       Dungeon | 100.0 | 100.0 |   N/A |   N/A | 100.0 | 179.0
               +-------+-------+-------+-------+-------+----------------------

Table legend: (Time is in decaauts)
 A = Elapsed time spent in this place.
 B = Non-inter-level travel time spent in this place.
 C = Inter-level travel time spent in this place.
 D = Time resting spent in this place.
 E = Time spent auto-exploring this place.
 F = Levels seen in this place.
 G = Mean time per level.
                   A        B        C        D        E       F      G
               +--------+--------+--------+--------+--------+-----+--------+
         Total |   3953 |   3806 |    147 |    598 |   2505 |   4 |  988.2 |
       Dungeon |   3953 |   3806 |    147 |    598 |   2505 |   4 |  988.2 |
               +--------+--------+--------+--------+--------+-----+--------+

Top non-repeatable levels by time:
     D:3: 1630 daAuts
     D:2: 920 daAuts
     D:1: 809 daAuts
     D:4: 594 daAuts
